 Dungeon Crawl Stone Soup version 0.29.1-1-gd02db69 (webtiles) character file.

Game seed: 6709115259611508684

131 Timinator the Insei (level 4, -4/36 HPs)
             Began as a Demigod Transmuter on Dec 22, 2022.
             Slain by Terence
             ... wielding a +1 short sword of protection
              (6 damage)
             ... on level 3 of the Dungeon.
             The game lasted 00:08:19 (3030 turns).

Timinator the Insei (Demigod Transmuter)            Turns: 3030, Time: 00:08:20

Health: -4/36      AC:  5    Str: 11    XL:     4   Next: 61%
Magic:  9/10       EV: 12    Int: 15    God:
Gold:   90         SH:  0    Dex: 18    Spells: 4/7 levels left

rFire   . . .      SeeInvis .     - Unarmed
rCold   . . .      Faith    .   (no shield)
rNeg    . . .      Spirit   .   g - +0 leather armour
rPois   .          Reflect  .   (helmet currently unavailable)
rElec   .          Harm     .   l - +0 cloak
rCorr   .          Rampage  .   h - +0 pair of gloves
Will    .....                   (boots currently unavailable)
Stlth   +.........              (no amulet)
HPRegen 0.12/turn               (no ring)
MPRegen 0.12/turn               (no ring)

@: appendages (expiring), invisible
A: horns 2, talons 2, high MP 1, forlorn, divine attributes
a: End Transformation


You were on level 3 of the Dungeon.
You had temporarily grown beastly horns and talons.
You visited 1 branch of the dungeon, and saw 3 of its levels.

You collected 90 gold pieces.

Inventory:

Armour
 g - a +0 leather armour (worn)
 h - a +0 pair of gloves (worn)
 l - a +0 cloak (worn)
Scrolls
 c - 2 scrolls of silence {unknown}
 f - a scroll of amnesia {unknown}
 i - a scroll of brand weapon {unknown}
 j - 2 scrolls of butterflies {unknown}
 m - a scroll of identify {unknown}
 p - a scroll of poison {unknown}
Potions
 a - a potion of mutation {unknown}
 b - 2 potions of cancellation {unknown}
 d - 2 potions of curing {unknown}
 e - a potion of heal wounds {unknown}
 k - a potion of magic {unknown}
 n - a potion of invisibility
 o - 2 potions of flight {unknown}
 q - a potion of attraction {unknown}


   Skills:
 * Level 1.7 Fighting
 * Level 1.4 Armour
 * Level 2.3 Dodging
 + Level 3.3 Unarmed Combat
 + Level 2.2 Spellcasting
 * Level 2.5 Transmutations


You had 4 spell levels left.
You knew the following spells:

 Your Spells              Type           Power      Damage    Failure   Level
a - Beastly Appendage     Tmut           18%        N/A       10%         1
b - Wereblood             Tmut           9%         N/A       16%         2

Your spell library contained the following spells:

 Spells                   Type           Power      Damage    Failure   Level
 Spider Form              Tmut/Pois      5%         N/A       45%         3
 Ice Form                 Ice/Tmut       5%         N/A       86%         4


Dungeon Overview and Level Annotations

Branches:
Dungeon (3/15)

Annotations:
D:3 Terence


Innate Abilities, Weirdness & Mutations

You have temporarily grown beastly horns and talons.
You have an increased reservoir of magic. (+10% MP)
You shall have no god before yourself.
Your divine heritage dramatically boosts your attributes as you level up.


Message History

Terence hits you with a +1 short sword of protection.
You closely miss Terence.
Terence is severely wounded.
Terence hits you with a +1 short sword of protection.
Okay, then.
Casting: Wereblood (safe; 16% risk of failure)
Confirm with . or Enter, or press ? or * to list all spells.
You grow a pair of large bovine horns.
Your feet morph into talons.
Terence misses you.
You hit Terence but do no damage. You claw Terence, but do no damage.
Terence is severely wounded.
Terence closely misses you.
You barely miss Terence. Your kick misses Terence.
You headbutt Terence, but do no damage.
Terence is severely wounded.
Terence hits you with a +1 short sword of protection.
* * * LOW HITPOINT WARNING * * *
You barely miss Terence.
Terence is severely wounded.
Your primal bloodlust has ended.
Terence barely misses you.
You hit Terence.
Terence is almost dead.
Terence barely misses you.
You hit Terence but do no damage.
Terence is almost dead.
Terence barely misses you.
You hit Terence but do no damage. You claw Terence, but do no damage.
Terence is almost dead.
Terence hits you with a +1 short sword of protection.
* * * LOW HITPOINT WARNING * * *
You hit Terence but do no damage.
Terence is almost dead.
Your transformation is almost over.
Terence hits you with a +1 short sword of protection.
* * * LOW HITPOINT WARNING * * *
It was a potion of invisibility.
You fade into invisibility!
Terence hits you with a +1 short sword of protection.
You die...

#. #. #. # #.
####.# #.##@@..#
#.##.#### #.#..#
#...## # #..##
##..###..#
.......>.#
#######.########
................


You could see Terence (unable to see you).

Vanquished Creatures
  3 adders
  4 gnolls (D:2)
  2 dart slugs (D:1)
  4 orcs (D:3)
  4 endoplasms
  3 giant cockroaches
  6 goblins
  4 hobgoblins
  3 jackals (D:2)
  5 kobolds
  3 quokkas (D:1)
  A ball python (D:2)
  4 bats
  9 frilled lizards (D:1)
  2 rats (D:1)
57 creatures vanquished.

Vanquished Creatures (others)
  A fungus (D:2)
  A plant (D:1)
2 creatures vanquished.

Grand Total: 59 creatures vanquished

Notes
Turn   | Place    | Note
-------+----------+-------------------------------------------
     0 | D:1      | Timinator the Demigod Transmuter began the quest for the
                  | Orb.
     0 | D:1      | Reached XP level 1. HP: 15/15 MP: 5/5
    68 | D:1      | Reached skill level 1 in Fighting
   203 | D:1      | Reached XP level 2. HP: 23/23 MP: 7/7
   435 | D:1      | Learned a level 2 spell: Wereblood
   562 | D:1      | Reached skill level 3 in Unarmed Combat
  1034 | D:1      | Reached XP level 3. HP: 25/28 MP: 8/8
  1872 | D:2      | Reached skill level 1 in Armour
  1878 | D:2      | Reached XP level 4. HP: 11/35 MP: 6/9
  3000 | D:3      | Noticed Terence
  3030 | D:3      | Slain by Terence

Illustrated notes

Levels and vault maps discovered:
D:1:      minmay_arrival_semitransparent, layout_basic, minmay_lizard_king
D:2:      layout_basic, shapermc_ecumenical_altar_hornbeckon
D:3:      layout_basic, uniq_terence

Skill      XL: |  1  2  3 |
---------------+----------+-----
Fighting       | 1 |  1.7
Transmutations | 2 |  2.5
Dodging        | 2 |  2.3
Unarmed Combat | 3 |  3.3
Spellcasting   | 2 |  2.2
Armour         | 1 |  1.4

Action                   |  1- 3 |  4- 6 || total
-------------------------+-------+-------++-------
Melee: Unarmed           |    97 |    66 ||   163
       Kick              |    17 |    15 ||    32
       Headbutt          |    10 |    12 ||    22
       Punch             |     2 |     3 ||     5
 Cast: Beastly Appendage |    23 |    12 ||    35
       Wereblood         |     2 |     4 ||     6
  Use: Potion            |     1 |     1 ||     2
Armor: Robe              |     8 |       ||     8
       Leather armour    |     7 |    10 ||    17
Dodge: Dodged            |    52 |    24 ||    76
